 Dungeon Crawl Stone Soup version 0.16-a0-326-g6f2d4d4 (webtiles) character file.

64 PolkaDot the Caller (level 3, -1/24 HPs)
             Began as a Vampire Summoner on Sept 4, 2014.
             Was an Initiate of Sif Muna.
             Slain by an orc
             ... wielding a +0 flail
              (4 damage)
             ... on Level 3 of the Dungeon.
             The game lasted 00:06:30 (2272 turns).

PolkaDot the Caller (Vampire Summoner)              Turns: 2272, Time: 00:06:30

HP  -1/24        AC  2     Str 14      XL: 3   Next: 91%
MP   0/6         EV 12     Int 18      God: Sif Muna [......]
Gold 96          SH  0     Dex 14      Spells:  3 memorised,  0 levels left

rFire  . . .     SeeInvis +     (no weapon)
rCold  . . .     Clarity  .     a - +0 robe
rNeg   + . .     rCorr    .     (no shield)
rPois  .         rRot     .     (no helmet)
rElec  .         Spirit   .     (no cloak)
SustAb .         Warding  .     (no gloves)
rMut   .         Stasis   .     (no boots)
Gourm  .                        (no amulet)
MR     .....                    (no ring)
                                f - +3 ring of strength

@: not resistant to hostile enchantments, unstealthy
A: fangs 3, see invisible, strong 2, unbreathing
a: Bat Form, Renounce Religion


You were on level 3 of the Dungeon.
You worshipped Sif Muna.
Sif Muna was noncommittal.
You were not thirsty.

You visited 1 branch of the dungeon, and saw 3 of its levels.

You collected 96 gold pieces.

Inventory:

Armour
 a - a +0 robe (worn)
Scrolls
 c - a scroll of fear {unknown}
 g - a scroll of identify {unknown}
 i - a scroll of recharging {unknown}
 j - 2 scrolls of immolation {unknown}
 k - 2 scrolls of fog {unknown}
 l - a scroll of magic mapping {unknown}
 n - a scroll of teleportation {unknown}
Jewellery
 f - a +3 ring of strength (left hand)
Books
 b - a book of Callings

   Spells                             Type                      Level
   *Summon Small Mammal               Summoning                    1
   *Call Imp                          Summoning                    2
   *Call Canine Familiar              Summoning                    3
   Summon Guardian Golem              Hexes/Summoning              4
   Summon Lightning Spire             Summoning/Air                4
   Summon Ice Beast                   Ice/Summoning                4


   Skills:
 - Level 2.1 Dodging
 - Level 3.0 Stealth
 - Level 2.0 Spellcasting
 * Level 5.5 Summonings


You couldn't memorise any spells.
You knew the following spells:

 Your Spells              Type           Power        Failure   Level  Hunger
a - Summon Small Mammal   Summ           ###.         1%          1    #......
d - Call Canine Familiar  Summ           ###.....     6%          3    ####...
s - Call Imp              Summ           ###.....     2%          2    ##.....


Dungeon Overview and Level Annotations

Branches:
Dungeon (3/15)

Altars:
Cheibriados
Okawaru
Sif Muna


Innate Abilities, Weirdness & Mutations

You have razor-sharp teeth.
You have supernaturally acute eyesight.
You can survive without breathing.
Your muscles are very strong. (Str +4)


Message History

Confirm with . or Enter, or press ? or * to list all spells.
You don't have enough magic to cast that spell.
Casting: Call Imp
Confirm with . or Enter, or press ? or * to list all spells.
* * * LOW MAGIC WARNING * * *
Your hound bites the orc.
The orc hits you with a mace.
* * * LOW HITPOINT WARNING * * *
The orc hits you with a hand axe.
* * * LOW HITPOINT WARNING * * *
The orc hits your hound with a hand axe.
The orc hits you with a flail.
* * * LOW HITPOINT WARNING * * *
Your hound bites the orc.
The orc dies!
Your crimson imp hits the orc.
The orc dies!
Unknown command.
You closely miss the orc.
Your hound barely misses the orc.
The orc hits you with a flail.
You die...

##### ### (..... ...
..... . .>
#####...#.....# #.
#.......#..%..#### #.
#..5....#........# #.
#...)o..#........# #.
#...@)h##.......(# #.
#####r###........# #.
#.###........###.
#................
#.###.....#######
#.###.....#######
#................
#########..##.....#######
...........##.....#


You could see an orc, a friendly hound, a friendly crimson imp and a friendly
quokka.

Vanquished Creatures
  An adder (D:3)
  An ooze (D:2)
  3 goblins
  8 bats
  A giant cockroach (D:2)
  2 giant newts (D:1)
  5 kobolds
  A rat (D:1)
22 creatures vanquished.

Vanquished Creatures (collateral kills)
  3 adders (D:2)
  3 worms
  A giant gecko (D:1)
  2 orcs (D:3)
  4 hobgoblins
  A kobold (D:1)
  A goblin (D:1)
15 creatures vanquished.

Vanquished Creatures (others)
  2 bats
  A rat (D:3)
3 creatures vanquished.

Grand Total: 40 creatures vanquished

Notes
Turn   | Place    | Note
--------------------------------------------------------------
     0 | D:1      | PolkaDot, the Vampire Summoner, began the quest for the Orb.
     0 | D:1      | Reached XP level 1. HP: 13/13 MP: 3/3
   452 | D:1      | Reached XP level 2. HP: 16/19 MP: 4/4
   459 | D:1      | Learned a level 2 spell: Call Imp
  1054 | D:2      | Reached skill level 5 in Summonings
  1054 | D:2      | Reached XP level 3. HP: 18/24 MP: 0/6
  1557 | D:2      | Learned a level 3 spell: Call Canine Familiar
  1835 | D:2      | Found a snail-covered altar of Cheibriados.
  1906 | D:3      | HP: 1/24 [poisoned by an adder]
  1909 | D:3      | Gained mutation: Your muscles are strong. (Str +2) [potion of mutation]
  1909 | D:3      | Gained mutation: Your muscles are very strong. (Str +4) [potion of mutation]
  2142 | D:3      | Found a deep blue altar of Sif Muna.
  2145 | D:3      | Became a worshipper of Sif Muna the Loreminder
  2165 | D:3      | Found an iron altar of Okawaru.
  2272 | D:3      | Slain by an orc

Action                   || total
-------------------------++-------
Melee: Unarmed           ||   155
 Cast: Summon Small Mamm ||    31
       Call Imp          ||     3
       Call Canine Famil ||     3
  Use: Potion            ||     5
 Stab: Sleeping          ||     7
       Distracted        ||     1
  Eat: Corpse            ||     9
